 Dungeon Crawl Stone Soup version 0.27.1-33-g824d729ab1 (webtiles) character file.

Game seed: 7094613188245447179

31 pkoi the Insei (level 3, 0/31 HPs)
             Began as a Draconian Monk on Dec 2, 2021.
             Frozen to death by an endoplasm (2 damage)
             ... on level 4 of the Dungeon.
             The game lasted 00:00:48 (970 turns).

pkoi the Insei (Draconian Monk)                      Turns: 970, Time: 00:00:49

Health: 0/31       AC:  5    Str: 13    XL:     3   Next: 7%
Magic:  3/3        EV: 12    Int: 11    God:
Gold:   56         SH:  0    Dex: 13    Spells: 2/2 levels left

rFire    . . .     SeeInvis .     - Unarmed
rCold    . . .     Faith    .   (no shield)
rNeg     . . .     Spirit   .   (armour unavailable)
rPois    .         Reflect  .   (helmet restricted)
rElec    .         Harm     .   (no cloak)
rCorr    .         Rampage  .   (no gloves)
Will     +....                  (no boots)
Stlth    ++........             (no amulet)
HPRegen  0.10/turn              b - ring of willpower
MPRegen  0.08/turn              (no ring)

@: no status effects
A: AC +5, unfitting armour, cold-blooded
a: no special abilities


You were on level 4 of the Dungeon.
You visited 1 branch of the dungeon, and saw 3 of its levels.

You collected 56 gold pieces.

Inventory:

Missiles
 d - 12 poisoned darts (quivered)
Jewellery
 b - a ring of willpower (left hand)
Scrolls
 a - 2 scrolls of identify {unknown}
 e - a scroll of vulnerability {unknown}
Potions
 c - a potion of flight {unknown}


   Skills:
 - Level 3.2 Fighting
 - Level 2.6 Dodging
 - Level 1.7 Stealth
 + Level 4.2 Unarmed Combat


You had 2 spell levels left.
You didn't know any spells.
Your spell library was empty.

Dungeon Overview and Level Annotations

Branches:
Dungeon (2/15)

Altars:


Innate Abilities, Weirdness & Mutations

Your plain brown scales are hard. (AC +5)
You cannot fit into any form of body armour.
You are cold-blooded and may be slowed by cold attacks.


Message History

The hound bites you.
* * * LOW HITPOINT WARNING * * *
The hound bites you but does no damage.
You barely miss the hound.
The hound is severely wounded.
The hound bites you.
* * * LOW HITPOINT WARNING * * *
You barely miss the hound. You tail-slap the hound.
The hound is almost dead.
The hound closely misses you. The hound completely misses you.
You closely miss the hound.
The hound is almost dead.
The hound barely misses you.
You hit the hound but do no damage.
The hound is almost dead.
The hound barely misses you. The endoplasm freezes you.
You are frozen.
* * * LOW HITPOINT WARNING * * *
You closely miss the hound.
The hound is almost dead.
The hound closely misses you. The endoplasm closely misses you.
The hound bites you.
* * * LOW HITPOINT WARNING * * *
Unknown command.
You barely miss the hound.
The hound is severely wounded.
The hound closely misses you. The endoplasm misses you.
Unknown command.
You miss the hound.
The hound is severely wounded.
The hound bites you.
* * * LOW HITPOINT WARNING * * *
The endoplasm closely misses you.
You hit the hound.
The hound is almost dead.
The hound misses you. The endoplasm freezes you.
You are frozen.
You die...

..............#
....(.........#
..............#
.....^.........
.............#
.............#
......Jh.....#
#.###.@..#.#
#..........#
#..........#
#..........#
#.....†....#
#..........#
##.........#
######+##.# .#


You could see a hound and an endoplasm.

Vanquished Creatures
  An adder (D:4)
  3 endoplasms (D:1)
  3 goblins
  A hobgoblin (D:1)
  4 jackals (D:1)
  A ball python (D:1)
  A bat (D:1)
  A frilled lizard (D:1)
  4 kobolds
  2 rats (D:1)
21 creatures vanquished.

Notes
Turn   | Place    | Note
-------+----------+-------------------------------------------
     0 | D:1      | pkoi the Draconian Monk began the quest for the Orb.
     0 | D:1      | Reached XP level 1. HP: 19/19 MP: 1/1
   230 | D:1      | Reached XP level 2. HP: 16/26 MP: 2/2
   936 | D:2      | Reached skill level 4 in Unarmed Combat
   947 | D:2      | You fall into a shaft and drop 2 floors!
   953 | D:4      | Reached XP level 3. HP: 18/31 MP: 3/3
   970 | D:4      | Frozen to death by an endoplasm

Illustrated notes

Levels and vault maps discovered:
D:1:      evilmike_arrival_plus, layout_loops_ring, serial_glass,
          glass_columns_b, glass_columns_b, glass_columns_b, glass_columns_b,
          glass_columns_b, glass_columns_a, glass_columns_a, glass_columns_a
D:2:      layout_basic, serial_undead, serial_undead_c, serial_undead_c,
          serial_undead_b, serial_undead_b,
          shapermc_ecumenical_altar_starsandcircs, uniq_crazy_yiuf_cottage
D:4:      layout_basic, nicolae_qazlal_scattered_showers,
          kennysheep_orc_sif_temple, chequers_temple_overflow_statue_of_worship,
          temple_fountains

Skill      XL: |  1  2 |
---------------+-------+-----
Unarmed Combat | 4 |  4.2
Fighting       | |  3.2
Dodging        | |  2.6
Stealth        | |  1.7

Action                   || total
-------------------------++-------
Melee: Unarmed           ||    97
       Tailslap          ||     7
 Stab: Sleeping          ||     2
Armor: Skin              ||    33
Dodge: Dodged            ||    64
